 Dungeon Crawl Stone Soup version 0.27-a0-1591-gc56fcc985a (webtiles) character file.

Game seed: 14882077440860533269

382 Aviak the Changer (level 6, 0/52 HPs)
             Began as a Demigod Transmuter on July 19, 2021.
             Slain by a phantom (7 damage)
             ... on level 4 of the Dungeon.
             The game lasted 00:07:08 (4697 turns).

Aviak the Changer (Demigod Transmuter)              Turns: 4697, Time: 00:07:09

Health: 0/52       AC:  2    Str: 15    XL:     6   Next: 22%
Magic:  11/11      EV: 19    Int: 19    God:
Gold:   194        SH:  0    Dex: 19    Spells: 3/9 levels left

rFire    . . .     SeeInvis .     - Unarmed
rCold    . . .     Faith    .   (shield currently unavailable)
rNeg     . . .     Spirit   .   (armour currently unavailable)
rPois    x         Reflect  .   (helmet currently unavailable)
rElec    .         Harm     .   (cloak currently unavailable)
rCorr    .         Rampage  .   (gloves currently unavailable)
Will     +....                  (boots currently unavailable)
Stlth    ++........             (no amulet)
HPRegen  0.17/turn              b - ring of willpower
MPRegen  0.12/turn              (no ring)

@: spider-form (expiring)
A: venomous fangs, tiny, high mp 1, forlorn
a: End Transformation


You were on level 4 of the Dungeon.
You were a venomous arachnid creature.
You visited 1 branch of the dungeon, and saw 4 of its levels.

You collected 194 gold pieces.

Inventory:

Armour
 a - a +0 robe
 c - a +0 leather armour (melded)
 e - a +0 ring mail
 l - the +2 buckler of Compression {rF+ rC+ Will- SInv}
   (You found it on level 4 of the Dungeon)

   rF:        It protects you from fire.
   rC:        It protects you from cold.
   SInv:      It lets you see invisible.
   Will:      It decreases your willpower.
Jewellery
 b - a ring of willpower (left front leg)
Wands
 k - a wand of polymorph (6)
Scrolls
 d - a scroll of identify {unknown}
 f - a scroll of noise {unknown}
 g - a scroll of blinking {unknown}
 h - a scroll of summoning {unknown}
 j - a scroll of teleportation {unknown}


   Skills:
 + Level 3.7 Fighting
 - Level 2.0 Dodging
 - Level 2.6 Unarmed Combat
 - Level 2.0 Spellcasting
 + Level 4.1 Transmutations
 + Level 2.3 Poison Magic


You had 3 spell levels left.
You knew the following spells:

 Your Spells              Type           Power      Damage    Failure   Level
a - Beastly Appendage     Tmut           34%        N/A       11%         1
b - Wereblood             Tmut           17%        N/A       14%         2
c - Spider Form           Tmut/Pois      7%         N/A       32%         3

Your spell library contained the following spells:

 Spells                   Type           Power      Damage    Failure   Level
 Ice Form                 Ice/Tmut       9%         N/A       78%         4


Dungeon Overview and Level Annotations

Branches:
Dungeon (4/15)
 Temple: D:4-7

Annotations:
D:3 3 runed translucent doors, tilp's ghost, weakling BaSu


Innate Abilities, Weirdness & Mutations

You are a venomous arachnid creature.
You have poisonous fangs.
You are tiny and dextrous.
Your spellcasting is less reliable in this form.
Your armour is entirely melded.
You are incapable of wielding weapons or throwing items.
Your attributes grow dramatically as you level up.
You have an increased reservoir of magic. (+10% MP)
You shall have no god before yourself.


Message History

Nothing appears to happen.
The phantom hits you!
The phantom blinks!
You blink.
A quokka comes into view.
Casting: Spider Form (dangerous; 17% risk of failure)
Confirm with . or Enter, or press ? or * to list all spells.
You turn into a venomous arachnid creature.
Your +0 leather armour melds into your body.
The phantom hits you.
The phantom blinks!
You blink.
The quokka misses you.
You barely miss the phantom. The phantom hits you. The quokka misses you.
You closely miss the quokka. The quokka closely misses you.
The phantom barely misses you.
You hit the phantom but do no damage. The quokka completely misses you.
The phantom hits you!
* * * LOW HITPOINT WARNING * * *
The phantom blinks!
You blink.
Unknown command.
You closely miss the phantom. The phantom misses you.
You barely miss the phantom. The phantom closely misses you.
You hit the phantom.
The phantom is lightly damaged.
The phantom hits you!
* * * LOW HITPOINT WARNING * * *
Unknown command.
It was a potion of ambrosia.
You are confused.
You feel invigorated. The phantom barely misses you.
Your magical contamination has completely faded away.
You bump into the rock wall.
The phantom hits you!
* * * LOW HITPOINT WARNING * * *
You barely miss the phantom.
The phantom is lightly damaged.
Your transformation is almost over.
The phantom hits you!
* * * LOW HITPOINT WARNING * * *
You bump into the rock wall.
The phantom hits you.
* * * LOW HITPOINT WARNING * * *
The phantom blinks!
You blink.
You bump into the rock wall.
You feel less invigorated.
You feel less confused. The phantom hits you!
You die...

######...# #...#
#...# #..## # #..# ##
#..# .## #..#
#.####..#############
.............r§.sW..#
#.####.############.#
.## #.# #§#
######.### #.###
........)# #...#
######.#.########
###.# # #.#...†.†).#
#.# # #.########.#
#.# # #.# ###.# #.#


You could see a phantom and a quokka.

Vanquished Creatures
  3 jellies (D:3)
  A bullfrog zombie (D:3)
  A hound (D:4)
  A centaur skeleton (D:4)
  An orc wizard (D:4)
  7 adders
  An adder skeleton (D:4)
  A worm (D:3)
  2 dart slugs
  2 orcs
  15 endoplasms
  3 giant cockroaches
  10 goblins
  6 hobgoblins
  8 jackals
  14 kobolds
  2 quokkas
  5 ball pythons
  5 bats
  4 frilled lizards
  7 rats
99 creatures vanquished.

Vanquished Creatures (others)
  13 fungi
  6 toadstools (D:3)
19 creatures vanquished.

Grand Total: 118 creatures vanquished

Notes
Turn   | Place    | Note
-------+----------+-------------------------------------------
     0 | D:1      | Aviak the Demigod Transmuter began the quest for the Orb.
     0 | D:1      | Reached XP level 1. HP: 15/15 MP: 5/5
    78 | D:1      | Reached skill level 1 in Fighting
   370 | D:1      | Reached skill level 2 in Transmutations
   377 | D:1      | Reached XP level 2. HP: 18/23 MP: 7/7
   862 | D:1      | Learned a level 2 spell: Wereblood
  1198 | D:2      | Reached XP level 3. HP: 26/29 MP: 5/8
  2031 | D:2      | Reached skill level 3 in Transmutations
  2031 | D:2      | Reached XP level 4. HP: 32/37 MP: 9/9
  2345 | D:3      | Learned a level 3 spell: Spider Form
  2624 | D:3      | Found a runed translucent gate.
  2624 | D:3      | Found a runed translucent gate.
  2625 | D:3      | Found a runed translucent gate.
  2627 | D:3      | Noticed tilp's ghost (weakling BaSu)
  2670 | D:3      | Reached skill level 1 in Poison Magic
  2868 | D:3      | Reached XP level 5. HP: 35/45 MP: 8/10
  4086 | D:4      | Identified the +2 buckler of Compression {rF+ rC+ Will-
                  | SInv}
  4230 | D:4      | Reached skill level 4 in Transmutations
  4230 | D:4      | Reached XP level 6. HP: 41/52 MP: 4/11
  4697 | D:4      | Slain by a phantom

Illustrated notes

Levels and vault maps discovered:
D:1:      kilobyte_arrival_exit_the_forest, layout_basic
D:2:      layout_basic, grunt_ministairs_1
D:3:      cheibrodos_fertilizer, layout_basic, basic_ecumenical_altar,
          gammafunk_ghost_split, grunt_ministairs_11
D:4:      layout_loops_ring, mainiacjoe_overflow_tiny_flanked, temple_statues,
          minmay_between

Skill      XL: |  1  2  3  4  5 |
---------------+----------------+-----
Fighting       | 1 2 3 |  3.7
Dodging        | 2 |  2.0
Transmutations | 2 3 4 |  4.1
Spellcasting   | 2 |  2.0
Poison Magic   | 1 2 |  2.3
Unarmed Combat | |  2.6

Action                   |  1- 3 |  4- 6 || total
-------------------------+-------+-------++-------
Melee: Unarmed           |   136 |   169 ||   305
       Kick              |    27 |    17 ||    44
       Headbutt          |    11 |     8 ||    19
       Punch             |       |     1 ||     1
 Cast: Beastly Appendage |    34 |    13 ||    47
       Wereblood         |     1 |     2 ||     3
       Spider Form       |       |    15 ||    15
  Use: Potion            |       |     2 ||     2
 Stab: Sleeping          |     2 |       ||     2
Armor: Robe              |     7 |       ||     7
       Leather armour    |    22 |    17 ||    39
       Skin              |       |     5 ||     5
Dodge: Dodged            |    85 |   120 ||   205

Table legend: (Time is in decaauts)
 A = Elapsed time spent in this place.
 B = Non-inter-level travel time spent in this place.
 C = Inter-level travel time spent in this place.
 D = Time resting spent in this place.
 E = Time spent auto-exploring this place.
 F = Levels seen in this place.
 G = Mean time per level.
                   A        B        C        D        E       F      G
               +--------+--------+--------+--------+--------+-----+--------+
         Total |   4691 |   4621 |     70 |    448 |   3262 |   4 | 1172.8 |
       Dungeon |   4691 |   4621 |     70 |    448 |   3262 |   4 | 1172.8 |
               +--------+--------+--------+--------+--------+-----+--------+

Top non-repeatable levels by time:
     D:3: 1692 daAuts
     D:2: 1194 daAuts
     D:1: 1166 daAuts
     D:4: 638 daAuts
